 Dungeon Crawl Stone Soup version 0.32-a0-975-g85d4e5bfdb (webtiles) character file.

Game seed: 7702855821907902447

281 ezpacito the Trooper (level 6, -1/48 HPs)
             Began as a Coglin Chaos Knight on Apr 19, 2024.
             Was a Plaything of Xom.
             Slain by KingCobr1's ghost (9 damage)
             ... on level 4 of the Dungeon.
             The game lasted 00:04:23 (2727 turns).

ezpacito the Trooper (Coglin Chaos Knight)          Turns: 2727, Time: 00:04:24

Health: -1/48      AC: 10    Str: 23    XL:     6   Next: 27%
Magic:  7/7        EV: 10    Int: 12    God:    Xom [......]
Gold:   140        SH:  0    Dex: 16    Spells: 7/7 levels left

rFire   + . .        a - +0 hand axe (chaos) {Vusi}
rCold   x . .        h - staff "Siymorph" {rC- rN+ Str+6 Necro Tloc}
rNeg    + . .        j - +3 ring mail "Myke" {Str+3 Dex+3}
rPois   .            e - +0 helmet
rElec   .            (no cloak)
rCorr   .            (no gloves)
SInv    .            (no boots)
Will    .....        (amulet unavailable)
Stlth   +            (ring unavailable)
HPRegen 0.28/turn    (ring unavailable)
MPRegen 0.10/turn    (no gizmo)

%: no passive effects
@: about to teleport, revved
A: off-hand wielding, slow wielding, warmup strikes, no jewellery, fire
resistance 1, shaggy fur 1
a: Invent Gizmo, Renounce Religion


You were on level 4 of the Dungeon.
You worshipped Xom.
You were a very special plaything of Xom.
You visited 1 branch of the dungeon, and saw 4 of its levels.

You collected 292 gold pieces.
You spent 152 gold pieces at shops.

Inventory:

Hand Weapons
 a - a +0 hand axe of chaos (weapon) {Vusi}
 d - a +0 spear
Missiles
 m - 3 curare-tipped darts (quivered)
Armour
 e - a +0 helmet (worn)
 j - the +3 ring mail "Myke" (worn) {Str+3 Dex+3}
   (You found it on level 2 of the Dungeon)

   Str+3:     It affects your strength (+3).
   Dex+3:     It affects your dexterity (+3).
Magical Staves
 h - the staff "Siymorph" (offhand) {rC- rN+ Str+6 Necro Tloc}
   (You found it on level 2 of the Dungeon)

   [staff of death]

   Base accuracy: +5 Base damage: 5 Base attack delay: 1.2 This weapon's minimum
   attack delay (0.6) is reached at skill level 12.
   Str+6:     It affects your strength (+6).
   rC-:       It makes you vulnerable to cold.
   rN+:       It protects you from negative energy.
   Necro:     It increases the power of your Necromancy spells.
   Tloc:      It increases the power of your Translocations spells.
   It falls into the 'Staves' category.
   It is a one-graspered weapon.
Scrolls
 c - a scroll of fog
 f - a scroll of immolation
 g - a scroll of enchant armour
 k - a scroll of enchant weapon
 l - 2 scrolls of amnesia
 t - a scroll of teleportation
Potions
 b - 2 potions of brilliance
 n - a potion of attraction
 q - a potion of curing


   Skills:
 * Level 3.9 Fighting
 * Level 3.8(4.0) Axes
 * Level 1.7(2.8) Polearms
 * Level 2.6 Armour
 * Level 2.1 Dodging
 + Level 1.3 Stealth
 + Level 1.0 Spellcasting
 + Level 0.8 Necromancy
 + Level 1.1 Evocations


You had 7 spell levels left.
You didn't know any spells.
Your spell library contained the following spells:

 Spells                   Type           Power      Damage    Failure   Level
 Mephitic Cloud           Conj/Alch/Air  0%         N/A       80%         3
 Teleport Other           Tloc           0%         N/A       80%         3
 Airstrike                Air            0%         2d(0-16)  99%         4
 Dispersal                Tloc           0%         N/A       100%        6
 Gell's Gavotte           Tloc           0%         2d(11-16) 100%        6
 Plasma Beam              Fire/Air       0%         2x1d10    100%        6
 Enfeeble                 Hex            0%         N/A       100%        7


Dungeon Overview and Level Annotations

Branches:
Dungeon (4/15)
 Temple: D:4-7

Altars:
Ashenzari

Shops:
D:1 ?   D:2 *

Annotations:
D:4 KingCobr1's ghost, amateur MiFi


Innate Abilities, Weirdness & Mutations

You can wield a second weapon in your off-hand.
It takes a long time for you to wield or remove held weapons.
Your first few attacks do less damage.
You cannot equip rings or amulets.
Your flesh is heat resistant. (rF+)
You are covered in fur. (AC +1)


Message History

You hit KingCobr1's ghost but do no damage.
You closely miss KingCobr1's ghost with your +0 hand axe of chaos.
KingCobr1's ghost hits you.
You take 6 damage, and have 20/48 hp.
You hit KingCobr1's ghost with the staff "Siymorph".
KingCobr1's ghost is lightly damaged.
You hit KingCobr1's ghost but do no damage.
KingCobr1's ghost becomes as fragile as glass!
KingCobr1's ghost hits you.
You take 2 damage, and have 18/48 hp.
Okay, then.
You aren't carrying any items that you can evoke.
Okay, then.
You hit KingCobr1's ghost but do no damage.
KingCobr1's ghost is lightly damaged.
You hit KingCobr1's ghost with your +0 hand axe of chaos.
You freeze KingCobr1's ghost.
KingCobr1's ghost hits you but does no damage.
You closely miss KingCobr1's ghost with your +0 hand axe of chaos.
KingCobr1's ghost is moderately damaged.
You hit KingCobr1's ghost but do no damage.
KingCobr1's ghost hits you.
* * * LOW HITPOINT WARNING * * *
You take 5 damage, and have 14/48 hp.
You barely miss KingCobr1's ghost with the staff "Siymorph".
KingCobr1's ghost is moderately damaged.
You closely miss KingCobr1's ghost with your +0 hand axe of chaos.
KingCobr1's ghost hits you!
* * * LOW HITPOINT WARNING * * *
You take 7 damage, and have 7/48 hp.
As you read the scroll of teleportation, it crumbles to dust.
You feel strangely unstable.
KingCobr1's ghost hits you but does no damage.
You hit KingCobr1's ghost with your +0 hand axe of chaos.
You freeze KingCobr1's ghost.
KingCobr1's ghost is severely damaged.
You closely miss KingCobr1's ghost with the staff "Siymorph".
KingCobr1's ghost hits you!
You die...
Xom cackles wildly!

#....................
##...................
#..........###.#....
#..........#...#....
###.....#..##.......
##......#...#.......
#...................
#..........#........
#..@......##........
##W##...............
#.!.###...........##
#.ß.###.........#.##
########.............#
##.....###.............
#......................
##.....#....÷...#....##
##...###...÷..##......


You could see KingCobr1's ghost (resistant, vitrified).

Vanquished Creatures
  A howler monkey (D:4)
  A quasit (D:3)
  Terence (D:2)
  Robin (D:2)
  7 adders
  2 ribbon worms
  A dart slug (D:3)
  2 orcs (D:3)
  9 endoplasms
  3 giant cockroaches
  14 goblins
  13 hobgoblins
  11 jackals
  6 kobolds
  2 quokkas (D:1)
  7 ball pythons
  7 bats
  A frilled lizard (D:3)
  3 rats
92 creatures vanquished.

Vanquished Creatures (collateral kills)
  A hobgoblin (D:2)
  A ball python (D:2)
  A goblin (D:2)
3 creatures vanquished.

Grand Total: 95 creatures vanquished

Notes
Turn   | Place    | Note
-------+----------+-------------------------------------------
     0 | D:1      | ezpacito the Coglin Chaos Knight began the quest for the
                  | Orb.
     0 | D:1      | Reached XP level 1. HP: 18/18 MP: 1/1
    38 | D:1      | Reached skill level 1 in Dodging
    43 | D:1      | Reached XP level 2. HP: 24/24 MP: 2/2
   118 | D:1      | Got the Excursus on Overhead Malediction
   224 | D:1      | Reached XP level 3. HP: 21/29 MP: 3/3
   294 | D:1      | XOM: cloud trail
   342 | D:1      | XOM: 1-stop teleportation journey
   486 | D:1      | Found Rasa's Magic Scroll Emporium.
   490 | D:1      | Bought a scroll of identify for 26 gold pieces
   523 | D:2      | Identified the staff "Siymorph" {rC- rN+ Str+6 Necro Tloc}
   559 | D:2      | Reached skill level 1 in Polearms
   580 | D:2      | Found a faded altar of an unknown god.
   584 | D:2      | Reached XP level 4. HP: 35/35 MP: 4/4
   803 | D:2      | Found Korebbuc's General Store.
   816 | D:2      | Bought a scroll of identify for 22 gold pieces
   816 | D:2      | Bought a scroll of identify for 22 gold pieces
   844 | D:2      | XOM: silly message
   845 | D:2      | XOM: noise
   868 | D:2      | XOM: summons 3 hostile shadow creatures
   900 | D:2      | Noticed Robin
   916 | D:2      | Killed Robin
   925 | D:2      | Reached skill level 1 in Stealth
  1011 | D:2      | Noticed Terence
  1012 | D:2      | XOM: blink monster(s)
  1015 | D:2      | XOM: enchant monster (bad)
  1030 | D:2      | Killed Terence
  1031 | D:2      | Reached XP level 5. HP: 35/41 MP: 5/5
  1168 | D:2      | Identified the +3 ring mail "Myke" {Str+3 Dex+3}
  1385 | D:2      | Bought a scroll of blinking for 82 gold pieces
  1472 | D:3      | Noticed Grinder
  1485 | D:3      | Grinder changed into Grinder the quasit
  1485 | D:3      | Noticed Grinder
  1492 | D:3      | Killed Grinder the quasit
  1493 | D:3      | Reached skill level 1 in Evocations
  1560 | D:3      | XOM: smoke on damage
  1893 | D:3      | XOM: give mutations
  1893 | D:3      | Gained mutation: You are covered in fur. (AC +1) [Xom's
                  | mischief]
  1893 | D:3      | Gained mutation: Your flesh is heat resistant. (rF+) [Xom's
                  | mischief]
  2080 | D:3      | XOM: noise
  2162 | D:4      | Reached XP level 6. HP: 44/48 MP: 7/7
  2192 | D:4      | XOM: smoke on damage
  2197 | D:4      | Reached skill level 1 in Spellcasting
  2239 | D:4      | Found a runed translucent door.
  2240 | D:4      | Noticed KingCobr1's ghost (amateur MiFi)
  2293 | D:4      | Found a broken altar of Ashenzari.
  2552 | D:4      | XOM: summons 1 hostile demon
  2553 | D:4      | Noticed a chaos spawn
  2563 | D:4      | XOM: swap monsters
  2720 | D:4      | XOM: enchant monster (bad)
  2727 | D:4      | Slain by KingCobr1's ghost

Illustrated notes

Levels and vault maps discovered:
D:1:      heliophobic_arrival_glass_houses, layout_rooms, serial_shops,
          nicolae_shop_rolled_up
D:2:      layout_rooms, serial_shops, nicolae_shop_tiny_waterfront,
          ebering_ecumenical_altar_rust, minmay_hedge_maze,
          kennysheep_decorative_pillar, uniq_terence, uniq_robin
D:3:      layout_basic, uniq_grinder
D:4:      layout_cave_pools, mainiacjoe_overflow_cross_hatched,
          gammafunk_ghost_grave

Skill      XL: |  1  2  3  4  5  6 |
---------------+-------------------+-----
Dodging        | 1 2 |  2.1
Armour         | 2 |  2.6
Polearms       | 1 |  1.7
Stealth        | 1 |  1.3
Evocations     | 1 |  1.1
Spellcasting   | 1 |  1.0
Fighting       | |  3.9
Axes           | |  3.8
Necromancy     | |  0.8

Action                     |  1- 3 |  4- 6 || total
---------------------------+-------+-------++-------
  Melee: Hand axe          |    76 |   142 ||   218
         Dagger            |    60 |       ||    60
         Staff             |    11 |   143 ||   154
    Use: Scroll            |     1 |    11 ||    12
         Potion            |       |     2 ||     2
   Stab: Sleeping          |     2 |       ||     2
         Confused          |       |     1 ||     1
 Armour: Leather armour    |    53 |    46 ||    99
         Ring mail         |       |    79 ||    79
  Dodge: Dodged            |    66 |    79 ||   145

Table legend: (Time is in decaauts)
 A = Elapsed time spent in this place.
 B = Non-inter-level travel time spent in this place.
 C = Inter-level travel time spent in this place.
 D = Time resting spent in this place.
 E = Time spent auto-exploring this place.
 F = Levels seen in this place.
 G = Mean time per level.
                   A        B        C        D        E       F      G
               +--------+--------+--------+--------+--------+-----+--------+
         Total |   2757 |   2563 |    194 |    108 |   1849 |   4 |  689.2 |
       Dungeon |   2757 |   2563 |    194 |    108 |   1849 |   4 |  689.2 |
               +--------+--------+--------+--------+--------+-----+--------+

Top non-repeatable levels by time:
     D:2: 859 daAuts
     D:3: 720 daAuts
     D:1: 600 daAuts
     D:4: 576 daAuts
